 Dungeon Crawl Stone Soup version 0.31.0-32-g396128a36d (webtiles) character file.

Game seed: 9023002680462901526

291 Cheops the Changeling (level 6, -1/38 HPs)
             Began as an Octopode Shapeshifter on Mar 15, 2024.
             Slain by Pikel
             ... wielding a +2 whip of electrocution
              (10 damage)
             ... while paralysed by Pikel
             ... on level 4 of the Dungeon.
             The game lasted 00:04:37 (2587 turns).

Cheops the Changeling (Octopode Shapeshifter)       Turns: 2587, Time: 00:04:38

Health: -1/38      AC:  1    Str: 15    XL:     6   Next: 32%
Magic:  6/6        EV:  2    Int: 13    God:
Gold:   87         SH:  0    Dex: 11    Spells: 5/5 levels left

rFire   . .          .
                       - Unarmed
rCold   . . .        (no shield)
rNeg    . . .        (helmet currently unavailable)
rPois   +            k - amulet of magic regeneration
rElec   .            f - ring of poison resistance
rCorr   .            (no ring)
SInv    .            (no ring)
Will    .....        (no ring)
Stlth   ++           (no ring)
HPRegen 0.26/turn    (no ring)
MPRegen 0.50/turn    (no ring)
                     (no ring)

%: no passive effects
@: paralysed, beast-form
A: beast (slay +3), almost no armour, amphibious, 8 rings, camouflage 1,
gelatinous body 1, (nimble swimmer 1), tentacles
a: Begin Untransformation


You were on level 4 of the Dungeon.
You were a hulking beast.
You visited 1 branch of the dungeon, and saw 4 of its levels.

You collected 87 gold pieces.

Inventory:

Hand Weapons
 l - the +9 mace of the Quiescent God {pain, Fly}
   (You found it on level 2 of the Dungeon)

   Fly:       It grants you flight.
Jewellery
 f - a ring of poison resistance (left tentacle)
 k - an amulet of magic regeneration (around mantle)
Talismans
 b - a beast talisman (active)
 c - a flux talisman
Scrolls
 d - 2 scrolls of noise {unknown}
 g - a scroll of poison {unknown}
 i - a scroll of fear
 m - a scroll of vulnerability
 n - a scroll of teleportation
Potions
 a - a potion of lignification
 e - a potion of brilliance {unknown}
 h - a potion of magic {unknown}
 j - a potion of mutation {unknown}


   Skills:
 - Level 1.0 Fighting
 - Level 2.0 Dodging
 - Level 5.0 Unarmed Combat
 + Level 5.2 Shapeshifting


You had 5 spell levels left.
You didn't know any spells.
Your spell library contained the following spells:

 Spells                   Type           Power      Damage    Failure   Level
 Apportation              Tloc           0%         N/A       30%         1
 Necrotise                Necr           0%         1d4       30%         1
 Sting                    Conj/Alch      0%         1d3       30%         1
 Summon Small Mammal      Summ           0%         N/A       30%         1
 Flame Wave               Conj/Fire      0%         2d4       97%         4
 Leda's Liquefaction      Alch/Erth      0%         N/A       97%         4
 Eringya's Noxious Bog    Alch           0%         4d6       100%        6


Dungeon Overview and Level Annotations

Branches:
Dungeon (4/15)
 Temple: D:4-7

Altars:
Wu Jian

Shops:
D:3 :

Annotations:
D:4 Pikel


Innate Abilities, Weirdness & Mutations

You are a hulking beast.
Your limbs bulge with bestial killing power. (Slay +3)
You cannot wear most types of armour.
You are amphibious.
You can wear up to eight rings at the same time.
Your skin changes colour to match your surroundings (Stealth+).
Your rubbery body absorbs attacks. (AC +1, EV +1)
((You are camouflaged when in or above water. (Stealth+)))
You have tentacles for arms and can constrict up to eight enemies at once.


Message History

You constrict the adder.
You kill the adder!
Things that are here:
a +0 giant club; an ogre corpse HP restored.
Things that are here:
a +0 giant club; an ogre corpse
There is a stone staircase leading down here.
You open the door.
There is an open door here.
You open the door.
A quokka comes into view.
A quokka is nearby!
A quokka is nearby!
A quokka is nearby!
A quokka is nearby!
Pikel and 3 lemures come into view.
Pikel is wielding a +2 whip of electrocution and carrying a wand of paralysis.
Pikel shouts!
The lemure shouts! x2
The quokka completely misses you.
A lemure comes into view.
There is an open door here.
You tentacle-slap the quokka. Your grab misses the quokka.
Your squeeze misses the quokka.
The quokka is heavily wounded.
The quokka barely misses you.
You tentacle-slap the quokka.
You kill the quokka!
There is a stone staircase leading up here.
Pikel zaps a wand.
You suddenly lose the ability to move!
You stop ascending the stairs.
Pikel zaps a wand.
You shrug off the repeated paralysis!
The lemure hits you!
Pikel hits you with a +2 whip of electrocution!
The lemure hits you.
* * * LOW HITPOINT WARNING * * *
The lemure hits you!
* * * LOW HITPOINT WARNING * * *
Pikel hits you with a +2 whip of electrocution!
You die...
Pikel says, "Another soul for the market."

........#...#...........#
[..##..######.##..##....#
...###'######+##..##'#######
...##.........#...##...##..##
...##.........#...5.K...#...#
...##....###..##..##...5'5..#
... #....###..##5.#######5###
#.....#....5K5##..## .#
#.....#.....h....... 55
#.....##............ ...
########..##..##..## ....
.....##..# ..# .....
......#...# ... ......
####...#...# .. #...#...#
#...#


You could see Pikel and 4 lemures.

Vanquished Creatures
  An ogre (D:4)
  A scorpion (D:2)
  Crazy Yiuf (D:2)
  Jessica (D:3)
  4 adders
  A dart slug (D:1)
  A ribbon worm (D:2)
  4 orcs (D:3)
  5 endoplasms
  4 giant cockroaches
  2 goblins (D:1)
  4 hobgoblins
  4 jackals (D:1)
  3 quokkas
  6 ball pythons
  4 bats
  3 frilled lizards
  7 kobolds
  A rat (D:3)
57 creatures vanquished.

Notes
Turn   | Place    | Note
-------+----------+-------------------------------------------
     0 | D:1      | Cheops the Octopode Shapeshifter began the quest for the
                  | Orb.
     0 | D:1      | Reached XP level 1. HP: 13/13 MP: 1/1
    79 | D:1      | Reached XP level 2. HP: 5/18 MP: 2/2
   392 | D:1      | Reached XP level 3. HP: 20/23 MP: 3/3
   769 | D:2      | Reached XP level 4. HP: 28/28 MP: 4/4
   808 | D:2      | Identified the +9 mace of the Quiescent God {pain, Fly}
   954 | D:2      | Found a runed translucent door.
   955 | D:2      | Noticed Crazy Yiuf
  1208 | D:2      | Noticed a scorpion
  1216 | D:2      | Killed a scorpion
  1217 | D:2      | Reached skill level 5 in Unarmed Combat
  1217 | D:2      | Reached XP level 5. HP: 27/33 MP: 5/5
  1391 | D:2      | Killed Crazy Yiuf
  1871 | D:3      | Found an ornate altar of the Wu Jian Council.
  1964 | D:3      | Noticed Jessica
  1969 | D:3      | Killed Jessica
  1976 | D:3      | Got the Discourse on Radiant Argyropoeia
  2003 | D:3      | Found Moseoffu's Book Shoppe.
  2508 | D:4      | Noticed an ogre
  2515 | D:4      | Killed an ogre
  2516 | D:4      | Reached skill level 5 in Shapeshifting
  2516 | D:4      | Reached XP level 6. HP: 30/38 MP: 6/6
  2569 | D:4      | Noticed Pikel
  2584 | D:4      | Paralysed by Pikel for 4 turns
  2587 | D:4      | Slain by Pikel

Illustrated notes

Levels and vault maps discovered:
D:1:      dpeg_arrival_erosion, layout_basic
D:2:      layout_basic, st_stairs_13, uniq_crazy_yiuf_cottage
D:3:      layout_loops_corners, mainiacjoe_overflow_alcove_4, serial_shops,
          nicolae_shop_tiny_waterfront, uniq_jessica
D:4:      layout_gridville, grunt_temple_overflow_open, kennysheep_mini,
          nemelex_xobeh_ov_fountains_minmay, uniq_pikel

Skill      XL: |  1  2  3  4  5 |
---------------+----------------+-----
Unarmed Combat | 4 5 |  5.0
Shapeshifting  | 5 |  5.2
Fighting       | |  1.0
Dodging        | |  2.0

Action                     |  1- 3 |  4- 6 || total
---------------------------+-------+-------++-------
  Melee: Unarmed           |    58 |    48 ||   106
         Constrict         |    15 |    16 ||    31
         Tentacles         |    11 |    10 ||    21
         Punch             |     1 |     3 ||     4
Ability: Begin Untransform |     1 |       ||     1
    Use: Scroll            |       |     3 ||     3
   Stab: Sleeping          |     2 |     4 ||     6
 Armour: Skin              |    24 |    20 ||    44
  Dodge: Dodged            |    42 |    32 ||    74
   Form: Beast             |     1 |       ||     1
